 Dungeon Crawl Stone Soup version 0.31-a0-986-g5e6e4ef867 (webtiles) character file.

Game seed: 13534781253585577306

259 pokeman the Magician (level 5, -2/29 HPs)
             Began as a Deep Elf Hedge Wizard on Nov 10, 2023.
             Slain by a water moccasin (3 damage)
             ... on level 5 of the Dungeon.
             The game lasted 00:05:16 (4111 turns).

pokeman the Magician (Deep Elf Hedge Wizard)        Turns: 4111, Time: 00:05:17

Health: -2/29      AC:  3    Str:  9    XL:     5   Next: 94%
Magic:  16/16      EV: 13    Int: 21    God:
Gold:   3          SH:  0    Dex: 14    Spells: 9/17 levels left

rFire   . . .        y - +4 scimitar "Buptal" {heavy, rCorr Str+2}
rCold   . . .        (no shield)
rNeg    . . .        b - +0 robe
rPois   .            c - +0 hat
rElec   .            (no cloak)
rCorr   +            (no gloves)
SInv    .            p - +0 pair of boots
Will    .....        m - amulet of magic regeneration
Stlth   ++           (no ring)
HPRegen 0.24/turn    (no ring)
MPRegen 0.55/turn

%: no passive effects
@: lethally poisoned (-2 -> -11)
A: no striking features
a: no special abilities


You were on level 5 of the Dungeon.
You visited 1 branch of the dungeon, and saw 5 of its levels.

You collected 192 gold pieces.
You spent 189 gold pieces at shops.

Inventory:

Hand Weapons
 w - a +0 dagger of venom
 y - the +4 scimitar "Buptal" (weapon) {heavy, rCorr Str+2}
   (You bought it in a shop on level 4 of the Dungeon)

   Str+2:     It affects your strength (+2).
   rCorr:     It protects you from acid and corrosion.
Armour
 b - a +0 robe (worn)
 c - a +0 hat (worn)
 i - a +0 buckler
 p - a +0 pair of boots (worn)
Jewellery
 m - an amulet of magic regeneration (around neck)
Scrolls
 e - a scroll of immolation {unknown}
 f - a scroll of silence {unknown}
 h - a scroll of revelation {unknown}
 k - 2 scrolls of fog {unknown}
 l - a scroll of summoning {unknown}
 n - 2 scrolls of teleportation {unknown}
 o - a scroll of enchant armour {unknown}
 q - a scroll of poison {unknown}
 t - 3 scrolls of identify {unknown}
Potions
 a - a potion of berserk rage {unknown}
 d - a potion of magic
 g - 2 potions of heal wounds {unknown}
 j - a potion of lignification {unknown}
 r - a potion of resistance {unknown}
 s - a potion of curing {unknown}
 u - a potion of enlightenment {unknown}
 v - a potion of attraction {unknown}
 x - a potion of brilliance {unknown}


   Skills:
 - Level 1.1 Fighting
 - Level 1.1 Armour
 - Level 3.2 Dodging
 + Level 2.7 Stealth
 - Level 1.1 Shields
 * Level 6.6 Spellcasting
 + Level 3.0 Conjurations
 - Level 1.1 Summonings
 - Level 1.1 Translocations
 + Level 0.4 Air Magic
 + Level 0.3 Poison Magic


You had 9 spell levels left.
You knew the following spells:

 Your Spells              Type           Power      Damage    Failure   Level
a - Magic Dart            Conj           76%        1d6       2%          1
b - Mephitic Cloud        Conj/Pois/Air  12%        N/A       17%         3
c - Call Imp              Summ           22%        N/A       9%          2
d - Blink                 Tloc           22%        N/A       9%          2

Your spell library contained the following spells:

 Spells                   Type           Power      Damage    Failure   Level
 Slow                     Hex            24%        N/A       10%         1
 Cigotuvi's Dreadful Rot  Necr/Pois/Air  14%        N/A       13%         2


Dungeon Overview and Level Annotations

Branches:
Dungeon (5/15)
 Temple: D:4-7

Altars:
Elyvilon
Gozag
Yredelemnul

Shops:
D:4 (

Annotations:
D:5 Grinder


Message History

Confirm with . or Enter, or press ? or * to list all spells.
Aiming: Magic Dart (safe; 2% risk of failure)
Press: ? - help, Shift-Dir - straight line, f/p - adder
Aim: an adder (heavily wounded, 100% to hit)
The magic dart hits the adder.
You kill the adder!
Your Conjurations skill increases to level 3!
Casting: Magic Dart (safe; 2% risk of failure)
Confirm with . or Enter, or press ? or * to list all spells.
You can't see any susceptible monsters within range! (Use Z to cast anyway.) Unknown command.
Magic restored.
Found an escape hatch in the ceiling.
You open the door.
A water moccasin comes into view.
The water moccasin hisses angrily.
Casting: Magic Dart (safe; 2% risk of failure)
Confirm with . or Enter, or press ? or * to list all spells.
A tiny devil pulls itself out of the air.
Unknown command.
Your cerulean imp barely misses the water moccasin.
The water moccasin attacks as it pursues you!
The water moccasin closely misses you.
Your cerulean imp barely misses the water moccasin.
The water moccasin attacks as it pursues you!
The water moccasin completely misses you.
Your cerulean imp completely misses the water moccasin.
The water moccasin bites you!
You are poisoned.
The water moccasin poisons you! The water moccasin closely misses you.
Your cerulean imp hits the water moccasin from afar with a -3 spear.
You slash the water moccasin!
The water moccasin is heavily wounded.
You feel extremely sick. The water moccasin bites you.
The water moccasin bites you!
* * * LOW HITPOINT WARNING * * *
Your cerulean imp barely misses the water moccasin.
Your cerulean imp closely misses the water moccasin.
The water moccasin bites you.
You die...

.......# ......# ....
.. .....# ... )..
....# .... #... ...
..#
...##+########'###..##
...+<................#
...#.................+
...#.........5.S@....#
...###....##....##...#
######....####+### ###
#............+
#............#
#............#
#.....##....##..
##....##....##..
.###....##........


You could see a water moccasin (ally target) and a friendly cerulean imp
(summoned).

Vanquished Creatures
  A phantom (D:4)
  An orc priest (D:4)
  A hound (D:3)
  A sleepcap (D:4)
  2 adders
  2 adder zombies (D:3)
  A worm (D:3)
  2 orcs (D:4)
  2 ball pythons (D:1)
  2 endoplasms
  6 giant cockroaches
  4 goblins
  8 hobgoblins
  3 kobolds
  5 quokkas
  4 bats
  2 rats (D:2)
47 creatures vanquished.

Vanquished Creatures (collateral kills)
  A scorpion zombie (D:3)
1 creature vanquished.

Grand Total: 48 creatures vanquished

Notes
Turn   | Place    | Note
-------+----------+-------------------------------------------
     0 | D:1      | pokeman the Deep Elf Hedge Wizard began the quest for the
                  | Orb.
     0 | D:1      | Reached XP level 1. HP: 10/10 MP: 7/7
   345 | D:1      | Reached XP level 2. HP: 16/16 MP: 2/9
  1730 | D:2      | Found a faded altar of an unknown god.
  1821 | D:2      | Reached skill level 5 in Spellcasting
  1982 | D:3      | Reached XP level 3. HP: 16/20 MP: 7/11
  1986 | D:3      | Learned a level 3 spell: Mephitic Cloud
  1989 | D:3      | Learned a level 2 spell: Call Imp
  1992 | D:3      | Learned a level 2 spell: Blink
  2092 | D:3      | Found a basalt altar of Yredelemnul.
  2173 | D:3      | Reached skill level 1 in Fighting
  2173 | D:3      | Reached skill level 1 in Armour
  2265 | D:3      | Reached XP level 4. HP: 25/25 MP: 10/13
  2956 | D:4      | Reached skill level 6 in Spellcasting
  3010 | D:4      | Found Otethes's Antique Weapon Shoppe.
  3092 | D:4      | Reached XP level 5. HP: 29/29 MP: 11/15
  3109 | D:4      | Found an opulent altar of Gozag.
  3166 | D:4      | Noticed a phantom
  3188 | D:4      | Killed a phantom
  3189 | D:4      | Reached skill level 1 in Shields
  3564 | D:4      | Found a white marble altar of Elyvilon.
  3857 | D:5      | Entered Level 5 of the Dungeon
  3942 | D:4      | Bought an iridescent scimitar for 189 gold pieces
  3942 | D:4      | Identified the +4 scimitar "Buptal" {heavy, rCorr Str+2}
                  | (You bought it in a shop on level 4 of the Dungeon)
  3963 | D:5      | Noticed Grinder
  4105 | D:5      | Noticed a water moccasin
  4111 | D:5      | HP: 1/29 [water moccasin (9)]
  4111 | D:5      | Slain by a water moccasin

Illustrated notes

Levels and vault maps discovered:
D:1:      dpeg_arrival_rhombus, layout_basic
D:2:      layout_basic, serial_glass, glass_columns_b, glass_columns_b,
          glass_columns_b, chequers_ecumenical_altar_island,
          kennysheep_big_empty_room, corner_web_ring
D:3:      layout_loops_corners, nicolae_yredelemnul_corpse_copse
D:4:      layout_cave_pods, grunt_gozag_breadcrumbs, kennysheep_mini,
          serial_shops, shop
D:5:      layout_gridville, uniq_grinder

Skill      XL: |  1  2  3  4  5 |
---------------+----------------+-----
Spellcasting   | 5 6 |  6.6
Fighting       | 1 |  1.1
Armour         | 1 |  1.1
Conjurations   | 2 3 |  3.0
Dodging        | 3 |  3.2
Shields        | 1 |  1.1
Stealth        | |  2.7
Summonings     | |  1.1
Translocations | |  1.1
Air Magic      | |  0.4
Poison Magic   | |  0.3

Action                     |  1- 3 |  4- 6 || total
---------------------------+-------+-------++-------
  Melee: Dagger            |    14 |    10 ||    24
         Scimitar          |       |     1 ||     1
   Cast: Magic Dart        |    79 |    85 ||   164
         Call Imp          |     1 |     4 ||     5
         Mephitic Cloud    |       |     1 ||     1
   Stab: Sleeping          |     1 |       ||     1
         Confused          |       |     1 ||     1
 Armour: Robe              |    15 |    21 ||    36
  Dodge: Dodged            |    15 |    16 ||    31

Table legend: (Time is in decaauts)
 A = Elapsed time spent in this place.
 B = Non-inter-level travel time spent in this place.
 C = Inter-level travel time spent in this place.
 D = Time resting spent in this place.
 E = Time spent auto-exploring this place.
 F = Levels seen in this place.
 G = Mean time per level.
                   A        B        C        D        E       F      G
               +--------+--------+--------+--------+--------+-----+--------+
         Total |   4113 |   3928 |    185 |      0 |   3533 |   5 |  822.6 |
       Dungeon |   4113 |   3928 |    185 |      0 |   3533 |   5 |  822.6 |
               +--------+--------+--------+--------+--------+-----+--------+

Top non-repeatable levels by time:
     D:1: 1085 daAuts
     D:4: 1028 daAuts
     D:3: 975 daAuts
     D:2: 875 daAuts
     D:5: 148 daAuts
